Map: Emerald City LE

Players

Fesijo

  • Race: Protoss Protoss
  • Spawn Location: 11:00

sQuare

  • Race: Protoss Protoss
  • Spawn Location: 11:00

Massa - Winner!

  • Race: Terran Terran
  • League: Gold
  • Spawn Location: 5:00

qqq - Winner!

  • Race: Zerg Zerg
  • League: Platinum
  • Spawn Location: 5:00

VOD

Have the link to the VOD?

Description

Time

  • Played on: May 23, 2020, 3:32 p.m.
  • Length: 5:39
Show
View Real Time Build Order
Export as new Build Order

Fesijo Protoss 

Build Orders: 1 Gate Expand, Phoenix Opening 

Get SALT Encoding   

  12  0:01  Probe  
  13  0:13  Probe  
  14  0:17  Pylon  
  14  0:41  Probe, Gateway  
  15  0:45  Assimilator  
  15  0:53  Probe  
  16  1:14  Nexus  
  16  1:19  Probe  
  17  1:31  Cybernetics Core  
  17  1:42  Assimilator  
  17  1:44  Probe (Chrono Boost)  
  18  1:56  Probe (Chrono Boost)  
  18  2:00  Pylon  
  19  2:04  Probe (Chrono Boost)  
  19  2:06  Adept (Chrono Boost)  
  20  2:10  Probe  
  23  2:18  Warp Gate  
  23  2:22  Probe  
  24  2:33  Stargate  
  24  2:40  Probe (Chrono Boost)  
  24  2:43  Probe (Chrono Boost)  
  27  2:52  Probe (Chrono Boost)  
  27  2:53  Probe (Chrono Boost)  
  27  2:57  Probe (Chrono Boost)  
  29  2:58  Probe (Chrono Boost)  
  30  3:06  Probe  
  30  3:07  Assimilator  
  30  3:11  Probe, Assimilator  
  32  3:19  Probe  
  33  3:26  Shield Battery  
  33  3:27  Probe  
  33  3:31  Probe  
  35  3:35  Phoenix  
  35  3:39  Probe  
  38  3:44  Stargate  
  38  3:46  Probe (Chrono Boost)  
  39  3:51  Pylon  
  39  3:52  Probe (Chrono Boost)  
  40  3:58  Probe (Chrono Boost)  
  40  4:02  Probe (Chrono Boost)  
  42  4:04  Probe (Chrono Boost)  
  42  4:06  Probe (Chrono Boost)  
  42  4:09  Phoenix  
  46  4:27  Phoenix  
  46  4:30  Probe  
  49  4:34  Phoenix  
  51  4:45  Adept  
  45  5:08  Phoenix  
  45  5:11  Adept  
Show
View Real Time Build Order
Export as new Build Order

sQuare Protoss 

Build Orders: 1 Gate Expand 

Get SALT Encoding   

  12  0:00  Probe  
  13  0:12  Probe  
  14  0:18  Pylon  
  14  0:24  Probe  
  15  0:37  Probe  
  15  0:40  Gateway  
  16  0:48  Assimilator  
  16  0:49  Probe (Chrono Boost)  
  17  1:00  Probe (Chrono Boost)  
  18  1:04  Probe (Chrono Boost)  
  19  1:15  Probe  
  20  1:25  Nexus  
  20  1:38  Probe, Cybernetics Core  
  21  1:47  Pylon  
  21  1:50  Assimilator  
  21  1:51  Probe  
  22  2:03  Probe  
  23  2:12  Adept (Chrono Boost)  
  23  2:14  Warp Gate  
  25  2:15  Probe  
  26  2:25  Gateway  
  26  2:28  Probe  
  27  2:30  Shield Battery  
  27  2:37  Stalker (Chrono Boost)  
  29  2:42  Probe  
  29  2:43  Probe  
  31  2:55  Probe x2  
  31  2:58  Robotics Facility  
  33  3:07  Probe (Chrono Boost)  
  33  3:11  Stalker  
  37  3:13  Probe (Chrono Boost)  
  37  3:17  Probe (Chrono Boost), Stalker  
  41  3:22  Probe (Chrono Boost)  
  42  3:28  Probe (Chrono Boost)  
  42  3:29  Probe (Chrono Boost)  
  44  3:34  Probe x2 (Chrono Boost)  
  44  3:39  Forge  
  45  3:41  Assimilator  
  45  3:45  Pylon  
  46  3:49  Observer (Chrono Boost)  
  46  3:53  Pylon  
  46  4:01  Assimilator  
  46  4:03  Probe x2  
  46  4:04  Observer  
  49  4:15  Probe x2  
  51  4:27  Probe  
  52  4:41  Zealot  
  52  4:42  Zealot  
  56  4:56  Gateway  
  56  4:58  Gateway  
  44  5:07  Pylon  
  44  5:08  Pylon  
  44  5:09  Pylon  
Show
View Real Time Build Order
Export as new Build Order

Massa Terran - Winner!

Build Orders:  

Get SALT Encoding   

  12  0:11  Supply Depot  
  12  0:13  SCV  
  13  0:25  SCV  
  14  0:35  Barracks  
  14  0:38  SCV  
  15  0:50  SCV  
  16  1:00  Supply Depot  
  16  1:02  SCV  
  17  1:14  SCV  
  18  1:22  Barracks  
  18  1:27  SCV  
  18  1:30  Marine  
  20  1:38  Refinery  
  20  1:48  Marine  
  21  2:05  Marine  
  22  2:17  Barracks  
  22  2:22  Marine  
  22  2:23  Marine  
  22  2:28  Barracks  
  24  2:34  Orbital Command  
  24  2:37  Supply Depot  
  24  2:40  Marine  
  24  2:41  Marine, Supply Depot  
  26  2:58  Marine  
  26  2:59  Marine  
  26  3:04  Marine  
  28  3:07  SCV  
  29  3:16  Marine  
  29  3:17  Marine  
  29  3:19  SCV  
  32  3:22  Marine  
  32  3:25  Supply Depot  
  33  3:31  SCV  
  33  3:34  Marine x3  
  34  3:40  Marine  
  38  3:51  Marine  
  38  3:52  Marine x2  
  38  3:54  Factory  
  41  3:58  Marine  
  42  4:09  Marine x2  
  43  4:10  Marine  
  43  4:15  Marine  
  44  4:27  Marine x2  
  44  4:28  Marine  
  45  4:33  Marine  
  46  4:45  Marine x2  
  48  4:46  Marine  
  48  4:51  Marine  
  49  5:03  Marine x2  
  49  5:04  Marine  
  50  5:09  Marine  
  49  5:21  Marine x2  
Show
View Real Time Build Order
Export as new Build Order

qqq Zerg - Winner!

Build Orders: Hatch First 

Get SALT Encoding   

  12  0:02  Drone  
  13  0:10  Drone  
  14  0:35  Hatchery  
  13  0:51  Spawning Pool  
  12  0:59  Overlord  
  12  1:04  Drone  
  13  1:07  Drone  
  14  1:14  Extractor, Drone  
  14  1:41  Queen  
  16  1:47  Queen  
  16  1:50  Drone  
  16  1:52  Drone  
  20  1:54  Drone  
  21  2:01  Drone  
  22  2:13  Zergling x2  
  23  2:17  Zergling x2  
  23  2:18  Zergling x2  
  23  2:19  Zergling x2  
  26  2:28  Zergling x2  
  26  2:29  Drone  
  28  2:37  Overlord  
  28  2:38  Overlord  
  28  2:43  Metabolic Boost  
  28  2:51  Overlord  
  28  2:58  Zergling x2  
  28  3:00  Zergling x2  
  28  3:02  Zergling x2  
  28  3:05  Zergling x2  
  32  3:09  Zergling x2  
  33  3:13  Zergling x2  
  33  3:19  Drone  
  35  3:20  Evolution Chamber  
  35  3:23  Zergling x2  
  35  3:26  Drone  
  36  3:33  Drone  
  37  3:34  Drone  
  37  3:37  Zergling x2  
  40  3:41  Zergling x2  
  40  3:44  Zergling x2  
  41  3:55  Zergling x2  
  42  3:57  Zergling x2  
  42  4:01  Overlord  
  43  4:07  Drone, Zergling x2  
  43  4:09  Drone  
  46  4:12  Zergling x2  
  46  4:15  Zergling x2  
  48  4:18  Zergling x2  
  48  4:20  Zergling x2  
  50  4:27  Zergling x4  
  50  4:28  Zergling x2  
  53  4:44  Zergling x8  
  53  4:45  Zergling x4  
  51  5:01  Zergling x2  
  51  5:02  Zergling x6  
  52  5:10  Drone  
  52  5:12  Evolution Chamber  
Tags
 
Add a new tag
Caveats
  • Supply blocks, unpowered buildings, or Contaminate may cause inaccurate times.
  • Supply counts are checked every 10 seconds.